 Dungeon Crawl Stone Soup version 0.31-a0-435-g2c6fae2916 (webtiles) character file.

Game seed: 1304962839744854841

325 floatRand the Cudgeller (level 6, -4/37 HPs)
             Began as a Gargoyle Fighter on Aug 1, 2023.
             Slain by a bullfrog (7 damage)
             ... on level 5 of the Dungeon.
             The game lasted 00:02:59 (2880 turns).

floatRand the Cudgeller (Gargoyle Fighter)          Turns: 2880, Time: 00:03:00

Health: -4/37      AC: 14    Str: 20 (21) XL:     6   Next: 48%
Magic:  6/6        EV:  9    Int:  7 (9)  God:
Gold:   203        SH:  9    Dex:  7 (9)  Spells: 5/5 levels left

rFire   . . .        a - +0 flail
rCold   . . .        c - +0 buckler
rNeg    + . .        b - +0 scale mail
rPois   ∞            (no helmet)
rElec   +            (no cloak)
rCorr   .            (no gloves)
SInv    .            j - +2 pair of boots
Will    .....        g - amulet of reflection Stlth
                     (no ring)
HPRegen 0.26/turn    (no ring)
MPRegen 0.10/turn

%: reflection
@: no status effects
A: sickness immunity, AC +4, negative energy resistance 1, electricity
resistance, torment resistance 1, petrification resistance
a: no special abilities


You were on level 5 of the Dungeon.
You visited 1 branch of the dungeon, and saw 5 of its levels.

You collected 203 gold pieces.

Inventory:

Hand Weapons
 a - a +0 flail (weapon)
Missiles
 d - 2 throwing nets
Armour
 b - a +0 scale mail (worn)
 c - a +0 buckler (worn)
 j - a +2 pair of boots (worn)
Jewellery
 g - an amulet of reflection (around neck)
Scrolls
 f - 7 scrolls of identify {unknown}
 h - a scroll of fog {unknown}
 i - a scroll of enchant armour {unknown}
 k - a scroll of enchant weapon {unknown}
 l - a scroll of poison {unknown}
 n - 2 scrolls of brand weapon {unknown}
 o - a scroll of immolation {unknown}
 q - a scroll of teleportation {unknown}
 t - a scroll of butterflies {unknown}
Potions
 e - a potion of degeneration
 m - a potion of might
 p - a potion of haste
 r - a potion of curing


   Skills:
 - Level 3.2 Fighting
 + Level 6.7 Maces & Flails
 - Level 3.2 Armour
 - Level 3.2 Shields


You had 5 spell levels left.
You didn't know any spells.
Your spell library contained the following spells:

 Spells                   Type           Power      Damage    Failure   Level
 Blink                    Tloc           0%         N/A       94%         2
 Dazzling Flash           Conj/Hex       0%         N/A       99%         3
 Inner Flame              Hex/Fire       0%         N/A       99%         3
 Flame Wave               Conj/Fire      0%         2d4       100%        4
 Manifold Assault         Tloc           0%         N/A       100%        4
 Petrify                  Tmut/Erth      0%         N/A       100%        4
 Sticky Flame             Conj/Fire      0%         2d3       100%        4
 Agony                    Necr           0%         N/A       100%        5
 Irradiate                Conj/Tmut      0%         3d11      100%        5
 Silence                  Hex/Air        0%         N/A       100%        5
 Sublimation of Blood     Necr           Unusable   N/A       N/A         2

Dungeon Overview and Level Annotations

Branches:
Dungeon (5/15)
 Temple: D:4-7

Altars:
Uskayaw

Annotations:
D:5 Edmund


Innate Abilities, Weirdness & Mutations

You are immune to sickness and miasma.
Your stone body is resilient. (AC +4)
You are immune to poison.
You resist negative energy. (rN+)
You are resistant to electric shocks. (rElec)
You are resistant to unholy torment.
You are immune to petrification.


Message History

Unknown command.
The hound attacks as you move away! The hound bites you.
* * * LOW HITPOINT WARNING * * *
You block the hound's attack.
Okay, then.
It was a potion of degeneration.
There was something very wrong with that liquid.
You feel weakened.
You feel dopey.
You feel clumsy. The bullfrog barely misses you.
The hound bites you but does no damage. The bullfrog barely misses you.
A gnoll comes into view. It is wielding a +0 halberd.
The gnoll shoots an arrow.
The arrow hits you but does no damage.
It was a potion of haste.
You feel yourself speed up.
The gnoll shouts!
The hound closely misses you. You block the bullfrog's attack.
The gnoll throws a throwing net.
You block the throwing net with an invisible shield... and reflect it back!
The throwing net hits the gnoll.
The gnoll is caught in the net!
The gnoll struggles against the net.
You block Edmund's attack. The hound closely misses you.
The gnoll shoots an arrow.
The arrow closely misses you.
It was a potion of curing.
You feel better. The bullfrog hits you.
* * * LOW HITPOINT WARNING * * *
The hound stops to sniff the ground.
The hound bites you but does no damage.
Unknown command.
It was a potion of invisibility.
You fade into invisibility!
You block the bullfrog's attack. Edmund completely misses you.
The gnoll struggles against the net.
The gnoll shoots an arrow.
The arrow hits you.
* * * LOW HITPOINT WARNING * * *
Unknown command.
It was a potion of cancellation.
Your magical effects are unravelling.
You feel magically purged.
You feel yourself slow down.
You flicker back into view.
You feel a little less mighty now. The bullfrog hits you!
You die...

....### ..g..... # .##.
.. ......g## ... ....(...
#....... .... ........
#....... ..... .....#..#
#.....###.....
.........###.....#.......
.................W.......
#....##.......@Fh......
###..#...........@...#...
.....#..#...........## .
.....##.#..##.##........
.....#....###...>.......
..##......###...........
..................##....
................#.# ....
......#...##..###.# ...


You could see Edmund, a phantom, a bullfrog, a hound and 2 gnolls.

Vanquished Creatures
  A scorpion (D:4)
  A jelly (D:4)
  2 hounds
  4 gnolls (D:2)
  7 adders
  A white imp (D:4)
  An ufetubus (D:4)
  A worm (D:3)
  2 dart slugs
  3 orcs (D:4)
  An endoplasm (D:3)
  A giant cockroach (D:1)
  8 goblins
  7 hobgoblins
  2 quokkas
  6 ball pythons
  5 bats
  3 frilled lizards
  7 kobolds
  A rat (D:1)
64 creatures vanquished.

Notes
Turn   | Place    | Note
-------+----------+-------------------------------------------
     0 | D:1      | floatRand the Gargoyle Fighter began the quest for the Orb.
     0 | D:1      | Reached XP level 1. HP: 14/14 MP: 1/1
   128 | D:1      | Reached XP level 2. HP: 19/19 MP: 2/2
   260 | D:1      | Reached skill level 3 in Maces & Flails
   320 | D:1      | Found a faded altar of an unknown god.
   491 | D:1      | You fall into a shaft and drop 1 floor!
   530 | D:2      | Reached XP level 3. HP: 23/23 MP: 3/3
   587 | D:2      | Reached skill level 4 in Maces & Flails
   591 | D:2      | Reached XP level 4. HP: 5/28 MP: 4/4
  1123 | D:2      | Reached skill level 5 in Maces & Flails
  1352 | D:3      | Reached XP level 5. HP: 30/32 MP: 5/5
  1430 | D:3      | Found a hide-covered altar of Uskayaw.
  2474 | D:4      | Reached skill level 6 in Maces & Flails
  2474 | D:4      | Reached XP level 6. HP: 14/37 MP: 6/6
  2792 | D:5      | Entered Level 5 of the Dungeon
  2851 | D:5      | Noticed Edmund
  2880 | D:5      | Slain by a bullfrog

Illustrated notes

Levels and vault maps discovered:
D:1:      dpeg_arrival_oval, layout_basic, shapermc_ecumenical_altar_notcrosses,
          chequers_serial_rivers_small_a
D:2:      layout_loops_cross, corexii_corridor_pit
D:3:      layout_basic, eat_drink_and_be_merry_uskayaw, hangedman_decor_points
D:4:      layout_cave_pools
D:5:      layout_cave_pools, overflow_temple_1_default,
          minmay_temple_entry_junction, portal_sewer_entry_e,
          hangedman_decor_slide_cut, uniq_edmund

Skill      XL: |  1  2  3  4  5 |
---------------+----------------+-----
Maces & Flails | 3 4 5 6 |  6.7
Fighting       | |  3.2
Armour         | |  3.2
Shields        | |  3.2

Action                     |  1- 3 |  4- 6 || total
---------------------------+-------+-------++-------
  Melee: Flail             |    71 |   197 ||   268
    Use: Potion            |     1 |     6 ||     7
 Armour: Scale mail        |    37 |   130 ||   167
  Dodge: Dodged            |    35 |    99 ||   134
  Block: Buckler           |    17 |   110 ||   127
         Reflection        |       |     2 ||     2

Table legend: (Time is in decaauts)
 A = Elapsed time spent in this place.
 B = Non-inter-level travel time spent in this place.
 C = Inter-level travel time spent in this place.
 D = Time resting spent in this place.
 E = Time spent auto-exploring this place.
 F = Levels seen in this place.
 G = Mean time per level.
                   A        B        C        D        E       F      G
               +--------+--------+--------+--------+--------+-----+--------+
         Total |   2928 |   2884 |     44 |    214 |   1958 |   5 |  585.6 |
       Dungeon |   2928 |   2884 |     44 |    214 |   1958 |   5 |  585.6 |
               +--------+--------+--------+--------+--------+-----+--------+

Top non-repeatable levels by time:
     D:2: 873 daAuts
     D:3: 763 daAuts
     D:4: 697 daAuts
     D:1: 504 daAuts
     D:5: 89 daAuts
